 Dungeon Crawl Stone Soup version 0.27-a0-577-ge2a43ba0c9 (webtiles) character file.

Game seed: 10788807973897746146

78 jestyr24 the Ruffian (level 4, -1/44 HPs)
             Began as a Troll Berserker on Mar 9, 2021.
             Was a Believer of Trog.
             Slain by Sigmund
             ... wielding a +0 scythe
              (15 damage)
             ... on level 2 of the Dungeon.
             The game lasted 00:06:01 (1334 turns).

jestyr24 the Ruffian (Troll Berserker)              Turns: 1334, Time: 00:06:02

Health: -1/44      AC:  4    Str: 26    XL:     4   Next: 15%
Magic:  3/3        EV: 10    Int:  3    God:    Trog [**....]
Gold:   112        SH:  0    Dex:  9    Spells: 3/3 levels left

rFire    . . .     SeeInvis .     - Unarmed
rCold    . . .     Faith    .   (no shield)
rNeg     . . .     Spirit   .   a - +0 animal skin
rPois    .         Reflect  .   (helmet restricted)
rElec    .         Harm     +   b - scarf {harm}
rCorr    .         Rampage  .   (gloves unavailable)
Will     .....                  (boots unavailable)
Stlth    +.........             (no amulet)
HPRegen  1.14/turn              (no ring)
MPRegen  0.08/turn              (no ring)

@: no status effects
A: large, unfitting armour, claws 3, regeneration 1, shaggy fur 1, tough skin 1
a: Renounce Religion, Berserk, Trog's Hand


You were on level 2 of the Dungeon.
You worshipped Trog.
Trog was pleased with you.
You visited 1 branch of the dungeon, and saw 2 of its levels.

You collected 112 gold pieces.

Inventory:

Hand Weapons
 d - a +1 short sword of freezing
 o - a +0 spear
Missiles
 g - 5 poisoned darts
 k - 116 stones (quivered)
Armour
 a - a +0 animal skin (worn)
 b - a scarf of harm (worn)
Scrolls
 c - 2 scrolls of immolation {unknown}
 e - 2 scrolls of enchant weapon {unknown}
 h - a scroll of blinking {unknown}
 l - 2 scrolls of magic mapping {unknown}
 m - a scroll of amnesia {unknown}
Potions
 f - a potion of might {unknown}
 i - a potion of brilliance {unknown}
 j - a potion of magic {unknown}
 n - 2 potions of flight {unknown}


   Skills:
 + Level 2.8 Fighting
 * Level 0.5 Throwing
 + Level 3.0 Dodging
 + Level 4.0 Unarmed Combat


You had 3 spell levels left.
You didn't know any spells.
Your spell library contained the following spells:

 Spells                   Type           Power      Damage    Failure   Level
 Animate Skeleton         Necr           0%         N/A       52%         1
 Apportation              Tloc           0%         N/A       52%         1
 Corona                   Hex            0%         N/A       52%         1
 Summon Small Mammal      Summ           0%         N/A       52%         1


Dungeon Overview and Level Annotations

Branches:
Dungeon (2/15)

Altars:

Annotations:
D:2 Sigmund


Innate Abilities, Weirdness & Mutations

You are too large for most types of armour.
You have claws for hands.
Your natural rate of healing is unusually fast.
You are covered in fur. (AC +1)
You have tough skin. (AC +1)


Message History

You barely miss the worm.
The worm is severely wounded.
You scratch the worm.
You kill the worm!
Trog accepts your kill.
A worm comes into view.
You scratch the worm but do no damage. You scratch the worm.
The worm is heavily wounded.
The worm closely misses you.
You scratch the worm.
The worm is almost dead.
You scratch the worm.
The worm is almost dead.
The worm bites you!
You claw the worm!
You kill the worm!
Trog accepts your kill.
HP restored.
Found a stone staircase leading down.
Sigmund the Dreaded comes into view.
He is wielding a +0 scythe.
Sigmund shouts!
Sigmund casts a spell at himself.
Sigmund flickers and vanishes!
Deactivating autopickup; reactivate with Ctrl-A.
There is a stone staircase leading down here.
Something hits you.
You barely miss something. Something hits you.
You closely miss something. Something hits you!
You scratch something. You closely miss something. Your claw misses something.
Something hits you.
You barely miss something. You barely miss something.
You hear some strange, mumbled words.
A magic dart appears from out of thin air!
The magic dart hits you.
You scratch something. Something hits you.
* * * LOW HITPOINT WARNING * * *
You completely miss something. Something hits you!
You die...

#.# #.#
##.#..
#.# #.#
##... #.#
#.# #.#.
#.# #.#
#... #.#
#.# ###.
#># #.#
#. #.#
#.# ##
#.# # #@#
# #{# ###
#.# ...
#.# #.#
#.# #.#
#.#
#######.#
#..
.........
###
#######.#
#.#


There were no monsters in sight!

Vanquished Creatures
  2 adders (D:2)
  A white imp (D:2)
  3 worms (D:2)
  2 leopard geckos (D:1)
  3 ball pythons
  3 giant cockroaches
  4 goblins
  7 hobgoblins
  5 bats
  5 frilled lizards
  3 kobolds (D:1)
  3 rats (D:1)
41 creatures vanquished.

Notes
Turn   | Place    | Note
-------+----------+-------------------------------------------
     0 | D:1      | jestyr24 the Troll Berserker began the quest for the Orb.
     0 | D:1      | Reached XP level 1. HP: 22/22 MP: 0/0
    73 | D:1      | Reached XP level 2. HP: 29/29 MP: 1/1
   212 | D:1      | Reached ** piety under Trog
   480 | D:1      | Reached XP level 3. HP: 36/36 MP: 2/2
  1029 | D:2      | Reached XP level 4. HP: 44/44 MP: 3/3
  1213 | D:2      | Reached skill level 4 in Unarmed Combat
  1322 | D:2      | Noticed Sigmund
  1334 | D:2      | Slain by Sigmund

Illustrated notes

Levels and vault maps discovered:
D:1:      lemuel_arrival_room, layout_loops_ring, minmay_misc_feat_doors,
          minmay_misc_feat_secret_circle, minmay_misc_feat_hallway
D:2:      layout_loops_ring, uniq_jessica, uniq_sigmund

Skill      XL: |  1  2  3  4 |
---------------+-------------+-----
Dodging        | 3 |  3.0
Unarmed Combat | 4 |  4.0
Fighting       | |  2.8
Throwing       | |  0.5

Action                   |  1- 3 |  4- 6 || total
-------------------------+-------+-------++-------
Melee: Unarmed           |    88 |    19 ||   107
       Punch             |     1 |       ||     1
Throw: Stone             |       |     5 ||     5
Invok: Berserk           |       |     1 ||     1
Armor: Animal skin       |    28 |       ||    28
Dodge: Dodged            |    56 |     2 ||    58

Table legend: (Time is in decaauts)
 A = Elapsed time spent in this place.
 B = Non-inter-level travel time spent in this place.
 C = Inter-level travel time spent in this place.
 D = Time resting spent in this place.
 E = Time spent auto-exploring this place.
 F = Levels seen in this place.
 G = Mean time per level.
                   A        B        C        D        E       F      G
               +--------+--------+--------+--------+--------+-----+--------+
         Total |   1339 |   1278 |     61 |    173 |    632 |   2 |  669.5 |
       Dungeon |   1339 |   1278 |     61 |    173 |    632 |   2 |  669.5 |
               +--------+--------+--------+--------+--------+-----+--------+

Top non-repeatable levels by time:
     D:1: 733 daAuts
     D:2: 605 daAuts
